 Dungeon Crawl Stone Soup version 0.29.0-15-g675c0067aa (webtiles) character file.

Game seed: 9698798897156217867

38 qw the Sneak (level 3, 0/23 HPs)
             Began as a Gargoyle Delver on Sept 11, 2022.
             Slain by a hound (3 damage)
             ... on level 5 of the Dungeon.
             The game lasted 00:00:01 (51 turns).

qw the Sneak (Gargoyle Delver)                        Turns: 51, Time: 00:00:02

Health: 0/23       AC:  6    Str: 17    XL:     3   Next: 43%
Magic:  3/3        EV: 11    Int: 10    God:
Gold:   11         SH:  0    Dex: 11    Spells: 2/2 levels left

rFire   . . .      SeeInvis .   a - +0 hand axe
rCold   . . .      Faith    .   (no shield)
rNeg    + . .      Spirit   .   b - +0 leather armour
rPois   inf        Reflect  .   (no helmet)
rElec   +          Harm     .   (no cloak)
rCorr   .          Rampage  .   (no gloves)
Will    .....                   (no boots)
Stlth   +++.......              (no amulet)
HPRegen 0.07/turn               (no ring)
MPRegen 0.08/turn               (no ring)

@: marked
A: sickness immunity, AC +3, negative energy resistance 1, electricity
resistance, torment resistance 1, petrification resistance
a: no special abilities


You were on level 5 of the Dungeon.
You visited 1 branch of the dungeon, and saw 1 of its levels.

You collected 11 gold pieces.


Innate Abilities, Weirdness & Mutations

You are immune to sickness and miasma.
Your stone body is resilient. (AC +3)
You are immune to poison.
You resist negative energy. (rN+)
You are resistant to electric shocks. (rElec)
You are resistant to unholy torment.
You are immune to petrification.


   Skills:
 - Level 3.2 Fighting
 + Level 3.4 Axes
 - Level 1.5 Dodging
 - Level 5.4 Stealth


You had 2 spell levels left.
You didn't know any spells.
Your spell library was empty.

Inventory:

Hand Weapons
 a - a +0 hand axe (weapon)
Armour
 b - a +0 leather armour (worn)
Wands
 g - a wand of digging (3)
Scrolls
 c - a scroll of fog
 d - a scroll of magic mapping
 e - a scroll of fear
Potions
 f - a potion of haste

Dungeon Overview and Level Annotations

Branches:
Dungeon (5/15)
 Temple: D:4-7

Altars:


Message History

The howler monkey barely misses you. x2
You barely miss the howler monkey.
The howler monkey is lightly wounded.
The howler monkey hits you but does no damage.
You hit the howler monkey.
The howler monkey is moderately wounded.
The howler monkey hoots and howls with incredible vigour!
The howler monkey barely misses you.
You hit the howler monkey.
The howler monkey is heavily wounded.
The howler monkey closely misses you.
You hit the howler monkey.
The howler monkey is heavily wounded.
The howler monkey hits you.
The howler monkey hoots and howls with incredible vigour!
You barely miss the howler monkey.
The howler monkey is heavily wounded.
The howler monkey closely misses you.
You slash the howler monkey! You punch the howler monkey.
You kill the howler monkey!
A hound comes into view.
Your Axes skill gained 2 levels and is now at level 3!
You have reached level 2!
You have reached level 3!
Your experience leads to an increase in your attributes!
Increase (S)trength, (I)ntelligence, or (D)exterity?
You feel stronger. x2
An iguana comes into view.
You completely miss the hound. The hound bites you. x2
You barely miss the hound. The hound barely misses you.
The hound closely misses you.
You closely miss the hound. The hound closely misses you.
You closely miss the hound. The hound bites you. x2
You barely miss the hound. The hound bites you.
The hound bites you but does no damage.
You completely miss the hound. The hound bites you but does no damage.
The hound bites you.
You die...

+.........+
#.........#
##.......##
##.....##
##...#####
##......#
#..###.#
#l.# #@.#
#..h#
(......
#.##.......
# ##.##..##
..# ..# #..
..# #.# .#


You could see an iguana and a hound.

Vanquished Creatures
  A howler monkey (D:5)
1 creature vanquished.

Notes
Turn   | Place    | Note
-------+----------+-------------------------------------------
     0 | D:5      | qw the Gargoyle Delver began the quest for the Orb.
     0 | D:5      | Reached XP level 1. HP: 14/14 MP: 1/1
     0 | D:5      | 0 ||| qw: Version: 0.1-a-118-gb4e7ce6
     0 | D:5      | 0 ||| qw: Game counter: 10266
     0 | D:5      | 0 ||| qw: Always use a shield: true
     0 | D:5      | 0 ||| qw: God list: Okawaru
     0 | D:5      | 0 ||| qw: Allow faded altars: false
     0 | D:5      | 0 ||| qw: Do Orc after D:15 true
     0 | D:5      | 0 ||| qw: Do second Lair branch before Depths: true
     0 | D:5      | 0 ||| qw: Lair rune preference: random
     0 | D:5      | 0 ||| qw: Plans: Normal
     0 | D:5      | 0 ||| PLANNING D:1-11
    33 | D:5      | Noticed a howler monkey
    44 | D:5      | Killed a howler monkey
    44 | D:5      | Noticed a hound
    45 | D:5      | Reached skill level 3 in Axes
    45 | D:5      | Reached XP level 2. HP: 16/19 MP: 2/2
    45 | D:5      | Reached XP level 3. HP: 19/23 MP: 3/3
    50 | D:5      | HP: 2/23 [hound (5)]
    51 | D:5      | Slain by a hound

Levels and vault maps discovered:
D:5:      layout_loops_corners, cheibriados_altar_1,
          mainiacjoe_overflow_divided_tiny, lemuel_tele_altar,
          minmay_temple_entry_fiery

Skill      XL: |  1 |
---------------+----+-----
Axes           | 3 |  3.4
Fighting       | |  3.2
Dodging        | |  1.5
Stealth        | |  5.4

Action                   || total
-------------------------++-------
Melee: Hand axe          ||    15
       Punch             ||     1
Armor: Leather armour    ||     3
Dodge: Dodged            ||    10

Table legend:
 A = Non-vault XP
 B = Vault XP
 C = Vault XP percentage of total XP
 D = Non-vault monster count
 E = Vault monster count
 F = Vault count percentage of total count
                 A         B        C        D         E       F
            +---------+---------+-------+---------+---------+-------
      Total |      55 |       0 |   0.0 |       1 |       0 |   0.0
            +---------+---------+-------+---------+---------+-------
        D:5 |      55 |       0 |   0.0 |       1 |       0 |   0.0
            +---------+---------+-------+---------+---------+-------
